 Dungeon Crawl Stone Soup version 0.29.1-2-gbd0b4ee654 (webtiles) character file.

Game seed: 2525026161853795863

14073 Jellyfuzz the Thaumaturge (level 11, -5/74 HPs)
             Began as a Pale Draconian Venom Mage on Nov 4, 2022.
             Was an Elder of Vehumet.
             Succumbed to Nessos's poison
             ... on level 12 of the Dungeon.
             The game lasted 01:21:02 (11299 turns).

Jellyfuzz the Thaumaturge (DrVM)                   Turns: 11299, Time: 01:21:03

Health: -5/74      AC: 15    Str: 14    XL:     11   Next: 83%
Magic:  14/25      EV: 13    Int: 24    God:    Vehumet [****..]
Gold:   580        SH:  0    Dex: 11    Spells: 8/31 levels left

rFire   + . .      SeeInvis +   n - +3 flail (chaos)
rCold   . . .      Faith    .   (no shield)
rNeg    . . .      Spirit   .   (body armour unavailable)
rPois   .          Reflect  .   (helmet restricted)
rElec   +          Harm     .   u - scarf {repulsion}
rCorr   .          Rampage  .   g - +0 pair of gloves
Will    .....                   R - +2 pair of boots
Stlth   ++........              I - amulet of magic regeneration
HPRegen 0.22/turn               P - ring of Dokkaiwk {rElec rF+ Int+5 SInv}
MPRegen 0.59/turn               o - +4 ring of protection

@: lethally poisoned (-5 -> -31), repel missiles
A: breathe steam, AC +7, unfitting armour, cold-blooded, steam resistance,
strong 1, inability to read after injury 1
a: Breathe Steam, Renounce Religion


You were on level 12 of the Dungeon.
You worshipped Vehumet.
Vehumet was greatly pleased with you.
You visited 1 branch of the dungeon, and saw 12 of its levels.
You also visited: Ossuary.

You collected 860 gold pieces.
You spent 280 gold pieces at shops.

Inventory:

Hand Weapons
 b - a +0 dagger
 n - a +3 flail of chaos (weapon)
 G - a +3 morningstar
 H - a +2 scimitar of flaming
Armour
 g - a +0 pair of gloves (worn)
 u - a scarf of repulsion (worn)
 R - a +2 pair of boots (worn)
Jewellery
 l - a +6 ring of dexterity
 m - a ring of protection from cold
 o - a +4 ring of protection (right hand)
 I - an amulet of magic regeneration (around neck)
 M - an amulet of faith
 P - the ring of Dokkaiwk (left hand) {rElec rF+ Int+5 SInv}
   (You found it on level 10 of the Dungeon)

   [ring of protection from fire]

   Int:       It affects your intelligence (+5).
   rF:        It protects you from fire.
   rElec:     It insulates you from electricity.
   SInv:      It lets you see invisible.
Wands
 i - a wand of flame (47)
 y - a wand of mindburst (14)
 C - a wand of charming (7)
 Q - a wand of iceblast (3)
Scrolls
 j - a scroll of enchant weapon
 k - a scroll of silence
 p - 2 scrolls of butterflies
 q - 2 scrolls of immolation
 s - 2 scrolls of acquirement
 t - 2 scrolls of noise
 w - a scroll of identify
 B - a scroll of summoning
 D - 3 scrolls of poison
 F - 6 scrolls of teleportation
 J - 2 scrolls of brand weapon
 L - 2 scrolls of fear
 N - a scroll of torment
Potions
 a - a potion of magic
 c - 8 potions of might
 d - 3 potions of haste
 e - a potion of cancellation {unknown}
 h - 2 potions of resistance
 r - a potion of degeneration {unknown}
 v - a potion of brilliance
 x - a potion of ambrosia {unknown}
 z - 3 potions of curing
 E - a potion of berserk rage
 K - a potion of attraction {unknown}


   Skills:
 + Level 9.9 Maces & Flails
 + Level 5.4 Dodging
 - Level 1.7 Stealth
 + Level 10.9 Spellcasting
 - Level 1.0 Transmutations
 - Level 9.9 Air Magic
 - Level 6.0 Poison Magic


You had 8 spell levels left.
You knew the following spells:

 Your Spells              Type           Power      Damage    Failure   Level
a - Sting                 Tmut/Pois      100%       1d8       1%          1
b - Poisonous Vapours     Pois/Air       100%       N/A       1%          2
c - Mephitic Cloud        Conj/Pois/Air  38%        N/A       1%          3
d - Olgreb's Toxic Radia  Pois           42%        N/A       1%          4
e - Magic Dart            Conj           52%        1d5       1%          1
f - Foxfire               Conj/Fire      52%        2x1d6     1%          1
h - Lightning Bolt        Conj/Air       18%        1d33      4%          5
i - Summon Lightning Spi  Summ/Air       37%        N/A       6%          4
j - Searing Ray           Conj           26%        2d5       2%          2

Your spell library contained the following spells:

 Spells                   Type           Power      Damage    Failure   Level
 Eringya's Noxious Bog    Tmut/Pois      15%        N/A       38%         6
 Ignite Poison            Fire/Tmut/Pois 24%        N/A       1%          3
 Airstrike                Air            28%        2d(5-21)  1%          4
 Necrotise                Necr           52%        1d6       4%          1
 Wereblood                Tmut           17%        N/A       4%          2
 Sublimation of Blood     Necr           13%        N/A       8%          2
 Freezing Cloud           Conj/Ice/Air   14%        6-21      10%         5
 Fulminant Prism          Conj/Hex       6%         3d7       13%         4
 Vampiric Draining        Necr           13%        2d6       14%         3
 Agony                    Necr           13%        N/A       80%         5
 Summon Hydra             Summ           6%         N/A       100%        7


Dungeon Overview and Level Annotations

Branches:
Dungeon (12/15)            Temple (0/1) D:4            Lair (0/5) D:8
    Orc (0/2) D:9         Ossuary (visited)

Altars:
Elyvilon
Fedhas
Kikubaaqudgha
Qazlal
Uskayaw
Vehumet
Xom

Shops:
D:7 !   D:9 [

Portals:
Trove: D:10 (give 7 scrolls of blinking)

Annotations:
D:6 2 transporters, p0werm0de's ghost, novice OpMo
D:9 2 transporters, zurenarrh's ghost, novice MfGl
D:12 Nessos


Innate Abilities, Weirdness & Mutations

You can breathe blasts of scalding, opaque steam.
Your pale cyan-grey scales are hard. (AC +7)
You cannot fit into any form of body armour.
You are cold-blooded and may be slowed by cold attacks.
You are immune to the effects of steam.
Your muscles are strong. (Str +4, Int/Dex -1)
You occasionally lose the ability to read scrolls when taking damage.


Message History

The bolt of lightning hits Nessos.
Nessos is lightly wounded.
You feel very sick.
You hear a bark!
Nessos shoots an arrow.
The arrow hits you.
Aiming: Lightning Bolt (dangerous; 4% risk of failure)
Press: ? - help, Q - select action, (/) - cycle Shift-Dir - straight line, f/p - Nessos
Aim: Nessos, wielding a +1 longbow of flaming and wearing a +0 barding (lightly wounded, fast, 75% to hit)
You hear a mighty clap of thunder!
The bolt of lightning hits Nessos!
Nessos is lightly wounded.
You feel very sick.
You hear a bark!
Nessos pounds the earth with their hooves.
Nessos shoots an arrow.
The arrow hits you!! The arrow burns you.
Nessos shoots an arrow.
The arrow misses you.
You feel sick.
Nessos shoots an arrow.
The arrow hits you!
* * * LOW HITPOINT WARNING * * *
The arrow burns you.
You are lethally poisoned!
* * * LOW HITPOINT WARNING * * *
Nessos shoots an arrow.
The arrow barely misses you.
You feel better.
Nessos shoots an arrow.
The arrow hits you!
* * * LOW HITPOINT WARNING * * *
The arrow burns you.
You are poisoned.
* * * LOW HITPOINT WARNING * * *
Nessos shoots an arrow.
The arrow barely misses you.
You feel better.
Nessos shoots an arrow.
The arrow hits you!!
* * * LOW HITPOINT WARNING * * *
The arrow burns you.
You are lethally poisoned!
* * * LOW HITPOINT WARNING * * *
Nessos casts a spell.
Nessos blinks!
Okay, then.
It was a potion of mutation.
You feel extremely strange.
You feel stronger.
You occasionally lose the ability to read scrolls when taking damage.
You die...

###+#### .. ... ##.#
##...## .......
#####+## .......
#......# #####.......
#......# #..@..V.....
#......####.###c......
####......#....#
.......
>.##......'.####
....... #..'......###
....... ####......#
#####.# ##'##### # #.#
##'#####


You could see Nessos (fast) and a vampire.

Vanquished Creatures
  2 two-headed ogres
  Lodul (D:11)
  An ugly thing (D:11)
  3 cyclopes
  A manticore (D:9)
  2 gargoyles
  An unseen horror (D:10)
  Maggie (D:6)
  A troll (D:9)
  2 hornets
  Sigmund (D:3)
  Grum (D:8)
  A wyvern (D:9)
  13 yaks
  2 vampire mosquitoes (D:10)
  An acid dragon (D:11)
  2 water moccasins (D:8)
  A sky beast (D:6)
  3 black bears
  4 orc warriors
  10 ogres
  4 wolves (D:8)
  3 centaurs
  6 kobold brigands
  3 bullfrogs (D:8)
  3 necrophages
  7 gnoll sergeants
  5 scorpions
  5 wights (D:8)
  An electric eel (D:11)
  4 crimson imps (D:9)
  A howler monkey (D:5)
  4 hounds
  3 jellies
  5 orc priests
  A gnoll bouda (D:4)
  Jessica (D:3)
  Natasha (thrice) (D:4)
  10 orc wizards
  2 mummies (D:4)
  31 gnolls
  8 adders
  3 shadow imps
  3 white imps (D:9)
  4 ufetubi
  A worm (D:2)
  5 dart slugs
  51 orcs
  7 bats
  7 endoplasms
  2 giant cockroaches (D:1)
  A gnoll zombie (Ossuary)
  8 hobgoblins
  2 jackals (D:4)
  21 kobolds
  4 quokkas
  4 ball pythons
  3 frilled lizards
  3 goblins
  A hobgoblin zombie (Ossuary)
  A kobold zombie (Ossuary)
  6 rats
301 creatures vanquished.

Vanquished Creatures (collateral kills)
  2 yaks (D:11)
  A kobold brigand (D:9)
  A kobold (D:9)
4 creatures vanquished.

Vanquished Creatures (others)
  An orc wizard (D:9)
  6 foxfires
  42 fungi (D:8)
  45 plants
94 creatures vanquished.

Grand Total: 399 creatures vanquished

Notes
Turn   | Place    | Note
-------+----------+-------------------------------------------
     0 | D:1      | Jellyfuzz the Draconian Venom Mage began the quest for the
                  | Orb.
     0 | D:1      | Reached XP level 1. HP: 14/14 MP: 3/3
   215 | D:1      | Reached XP level 2. HP: 20/20 MP: 0/5
   675 | D:1      | Learned a level 2 spell: Poisonous Vapours
   701 | D:1      | Found a faded altar of an unknown god.
   897 | D:2      | Reached XP level 3. HP: 24/26 MP: 2/7
   939 | D:2      | Learned a level 3 spell: Mephitic Cloud
  1044 | D:2      | Reached skill level 3 in Spellcasting
  1309 | D:2      | Found a radiant altar of Vehumet.
  1321 | D:2      | Became a worshipper of Vehumet
  1755 | D:3      | Reached XP level 4. HP: 31/33 MP: 4/8
  2052 | D:3      | Found a stormy altar of Qazlal.
  2499 | D:3      | Noticed Jessica
  2511 | D:3      | Killed Jessica
  2682 | D:3      | Reached * piety under Vehumet
  2682 | D:3      | Offered knowledge of Magic Dart by Vehumet.
  2686 | D:3      | Noticed Sigmund
  2737 | D:3      | Killed Sigmund
  2738 | D:3      | Reached skill level 4 in Spellcasting
  2738 | D:3      | Reached skill level 5 in Poison Magic
  2738 | D:3      | Reached XP level 5. HP: 27/38 MP: 2/11
  2738 | D:3      | Reached XP level 6. HP: 33/45 MP: 2/12
  3187 | D:4      | Found a sand-covered staircase.
  3243 | D:4      | Learned a level 4 spell: Olgreb's Toxic Radiance
  3262 | Ossuary  | Entered an ossuary
  3345 | D:4      | Learned a level 1 spell: Magic Dart
  3597 | D:4      | Found a staircase to the Ecumenical Temple.
  3753 | D:4      | Reached skill level 5 in Spellcasting
  3786 | D:4      | Noticed Natasha
  3796 | D:4      | Killed Natasha
  3797 | D:4      | Your scales start taking on a pale cyan-grey colour.
  3797 | D:4      | Reached XP level 7. HP: 50/50 MP: 10/14
  3797 | D:4      | Gained mutation: You are immune to the effects of steam.
                  | [Pale Draconian growth]
  3901 | D:4      | Noticed Natasha
  3922 | D:4      | Killed Natasha
  3922 | D:4      | Reached ** piety under Vehumet
  4054 | D:4      | Noticed Natasha
  4067 | D:4      | Killed Natasha
  4067 | D:4      | Offered knowledge of Foxfire by Vehumet.
  4213 | D:5      | Entered Level 5 of the Dungeon
  4222 | D:5      | Reached skill level 1 in Air Magic
  4869 | D:5      | Learned a level 1 spell: Foxfire
  5047 | D:5      | Reached skill level 1 in Maces & Flails
  5047 | D:5      | Reached skill level 6 in Spellcasting
  5047 | D:5      | Reached XP level 8. HP: 55/57 MP: 9/17
  5085 | D:6      | Noticed Maggie
  5104 | D:6      | Killed Maggie
  5235 | D:6      | Found a transporter.
  5239 | D:6      | Noticed p0werm0de's ghost (novice OpMo)
  5254 | D:6      | Offered knowledge of Static Discharge by Vehumet.
  5257 | D:6      | Found a transporter.
  5265 | D:6      | Learned a level 4 spell: Airstrike
  5506 | D:6      | Reached *** piety under Vehumet
  5534 | D:6      | Found a white marble altar of Elyvilon.
  5666 | D:6      | Reached skill level 5 in Air Magic
  5689 | D:6      | Reached skill level 7 in Spellcasting
  5887 | D:6      | Reached XP level 9. HP: 55/62 MP: 14/19
  6089 | D:7      | Found a blossoming altar of Fedhas.
  6148 | D:7      | Found Cisiy's Distillery.
  6159 | D:7      | Bought a potion of heal wounds for 70 gold pieces
  6159 | D:7      | Bought a potion of curing for 42 gold pieces
  6159 | D:7      | Bought a potion of curing for 42 gold pieces
  6159 | D:7      | Bought a potion of curing for 42 gold pieces
  6159 | D:7      | Bought a potion of curing for 42 gold pieces
  6159 | D:7      | Bought a potion of curing for 42 gold pieces
  6218 | D:7      | Offered knowledge of Iskenderun's Mystic Blast by Vehumet.
  6258 | D:7      | Found a shimmering altar of Xom.
  6291 | D:8      | Noticed Grum
  6301 | D:8      | Reached skill level 5 in Maces & Flails
  6312 | D:8      | Killed Grum
  6321 | D:8      | Reached skill level 8 in Spellcasting
  6332 | D:8      | Noticed a two-headed ogre
  6351 | D:8      | Killed a two-headed ogre
  6536 | D:8      | Found a hide-covered altar of Uskayaw.
  6688 | D:8      | Found a staircase to the Lair.
  6694 | D:8      | Reached XP level 10. HP: 66/68 MP: 18/22
  6945 | D:8      | Reached **** piety under Vehumet
  7229 | D:8      | Offered knowledge of Lee's Rapid Deconstruction by Vehumet.
  7475 | D:9      | Found a transporter.
  7476 | D:9      | Found a staircase to the Orcish Mines.
  7488 | D:9      | Reached skill level 9 in Spellcasting
  7646 | D:9      | Noticed zurenarrh's ghost (novice MfGl)
  7661 | D:9      | Found a transporter.
  7682 | D:9      | Found an ancient bone altar of Kikubaaqudgha.
  7912 | D:9      | Learned a level 5 spell: Lightning Bolt
  7917 | D:9      | Learned a level 4 spell: Summon Lightning Spire
  8102 | D:9      | Reached ***** piety under Vehumet
  8102 | D:9      | Offered knowledge of Eringya's Noxious Bog by Vehumet.
  8107 | D:9      | Noticed a manticore
  8119 | D:9      | Killed a manticore
  8120 | D:9      | Reached XP level 11. HP: 54/74 MP: 10/24
  8455 | D:9      | Found Yegara's Dragon-Slaying Spoils.
  8718 | D:10     | Entered Level 10 of the Dungeon
  8767 | D:10     | Noticed a two-headed ogre
  8770 | D:10     | Killed a two-headed ogre
  8867 | D:10     | Reached skill level 10 in Spellcasting
  8955 | D:10     | Identified the ring of Dokkaiwk {rElec rF+ Int+5 SInv}
  8988 | D:10     | Found a portal to a secret trove of treasure.
  8992 | D:10     | Identified 2 scrolls of acquirement
  9921 | D:11     | Noticed a green ugly thing
  9932 | D:11     | Killed a green ugly thing
 10038 | D:11     | Noticed Lodul
 10075 | D:11     | Killed Lodul
 10291 | D:11     | Reached skill level 5 in Dodging
 10970 | D:12     | Learned a level 2 spell: Searing Ray
 11290 | D:12     | Noticed Nessos
 11298 | D:12     | HP: 3/74 [Nessos/arrow (19)]
 11298 | D:12     | HP: 1/74 [Nessos/arrow (2)]
 11299 | D:12     | Gained mutation: Your muscles are strong. (Str +4, Int/Dex
                  | -1) [potion of mutation]
 11299 | D:12     | Gained mutation: You occasionally lose the ability to read
                  | scrolls when taking damage. [potion of mutation]
 11299 | D:12     | Succumbed to Nessos's poison

Illustrated notes

Levels and vault maps discovered:
D:1:      dpeg_arrival_orchard, layout_loops_corners,
          hellmonk_ecumenical_altar_heavens_door, feat_on_display
D:2:      layout_loops_ring, basic_altar
D:3:      minmay_spotlight, layout_basic, grunt_qazlal_clouds, uniq_jessica,
          uniq_sigmund
D:4:      layout_loops_ring, minmay_temple_entry_arrows,
          gup_ossuary_entry_pyramid, uniq_natasha
D:5:      layout_loops_ring
D:6:      layout_gridville, nicolae_elyvilon_peaceful_grove,
          gammafunk_ghost_arena, serial_bayou_lagoon_a, uniq_maggie
D:7:      layout_gridville, lemuel_tele_altar, kennysheep_mini_moat,
          serial_shops, shop, nicolae_grassy_gnolls
D:8:      layout_cave_pods, nicolae_uskayaw_dance_studio,
          due_lair_maze_entry_diamond, uniq_grum
D:9:      layout_long_grid, kiku_gazebo_pond_becter,
          kennysheep_orc_monster_closet_entryway, gammafunk_ghost_stat_death,
          special_room [special_room_orc], nicolae_shop_dragon_depot,
          minmay_nine_imps
D:10:     layout_irregular_city, nicolae_trove_entry_isolated,
          hangedman_abyss_or_decor_jellyfish_corner
D:11:     layout_basic, uniq_lodul
D:12:     layout_roguey, uniq_nergalle, uniq_azrael, uniq_nessos

Skill      XL: |  1  2  3  4  5  6  7  8  9 10 11 |
---------------+----------------------------------+-----
Spellcasting   | 3 4 5 6 7 8 9 10 | 10.9
Poison Magic   | 4 5 6 |  6.0
Dodging        | 3 5 |  5.4
Air Magic      | 3 5 7 9 |  9.9
Maces & Flails | 1 4 6 8 9 |  9.9
Stealth        | |  1.7
Transmutations | |  1.0

Action                   |  1- 3 |  4- 6 |  7- 9 | 10-12 || total
-------------------------+-------+-------+-------+-------++-------
Melee: Unarmed           |     5 |       |       |       ||     5
       Tailslap          |     6 |     2 |     6 |     5 ||    19
       Dagger            |    28 |     1 |       |       ||    29
       Flail             |       |    37 |    48 |    54 ||   139
       Punch             |       |     2 |       |       ||     2
 Cast: Sting             |    50 |    59 |    26 |       ||   135
       Poisonous Vapours |     4 |    18 |       |       ||    22
       Magic Dart        |       |    17 |       |       ||    17
       Olgreb's Toxic Ra |       |     7 |    43 |    38 ||    88
       Airstrike         |       |       |    18 |    40 ||    58
       Lightning Bolt    |       |       |       |    50 ||    50
       Foxfire           |       |       |       |     5 ||     5
       Summon Lightning  |       |       |       |     2 ||     2
       Searing Ray       |       |       |       |     1 ||     1
 Abil: Breathe Steam     |       |       |     1 |     1 ||     2
  Use: Potion            |       |     4 |     2 |    12 ||    18
       Scroll            |       |     1 |    10 |    13 ||    24
 Stab: Sleeping          |       |       |       |     1 ||     1
Armor: Skin              |    28 |    69 |    56 |    61 ||   214
Dodge: Dodged            |    47 |   121 |    71 |   121 ||   360
       Repelled          |       |       |     3 |     4 ||     7
